 Dungeon Sprint DCSS version 0.19.1 (webtiles) character file.

348 danny2772 the Carver (level 6, 0/56 HPs)
             Began as a Human Berserker on Nov 29, 2016.
             Was a High Priest of Trog.
             Slain by an eight-headed hydra (7 damage)
             ... in the Dungeon (Sprint IX: "|||||||||||||||||||||||||||||").
             The game lasted 00:03:43 (861 turns).

danny2772 the Carver (Human Berserker)               Turns: 861, Time: 00:03:43

Health: 0/56       AC: 10    Str: 19    XL:     6   Next: 91%
Magic:  6/6        EV: 16    Int:  7    God:    Trog [*****.]
Gold:   0          SH:  0    Dex: 16    Spells: 0 memorised, 5 levels left

rFire  . . .     SeeInvis .     u - +2 scimitar (slice)
rCold  . . .     Gourm    .     x - +2 ring mail
rNeg   . . .     Faith    .     (no shield)
rPois  .         Spirit   .     (no helmet)
rElec  .         Reflect  .     w - +0 cloak
rCorr  .         Harm     .     (no gloves)
MR     .....     NoTele   +     v - +0 pair of boots
Stlth  +.........               (no amulet)
                                z - +3 ring of dexterity
                                y - +2 ring of evasion

@: no status effects
A: no striking features
a: Berserk, Trog's Hand, Brothers in Arms, Burn Spellbooks, Renounce Religion


You were in the Dungeon.
You worshipped Trog.
Trog was extremely pleased with you.
You were not hungry.

You visited 1 branch

Inventory:

Hand Weapons
 a - a +0 falchion
 j - a +0 club
 p - a +1 broad axe of chopping
 q - the +2 halberd "Pyxot" {antimagic, *Noise rElec rC+ Stlth+}
   (You found it in the Dungeon)

   It reduces the magical energy of the wielder, and disrupts the spells and
   magical abilities of those hit.
   Natural abilities and divine invocations are not affected.
   It protects you from cold.
   It insulates you from electricity.
   It may make noises in combat.
   It makes you more stealthy.
 r - a +2 morningstar of protection
 s - a +4 quarterstaff of speed
 t - a +2 rapier of venom
 u - a +2 scimitar of slicing (weapon)
Armour
 b - a +0 animal skin
 v - a +0 pair of boots (worn)
 w - a +0 cloak (worn)
 x - a +2 ring mail (worn)
Magical Staves
 o - an uncursed staff of energy
Jewellery
 y - a +2 ring of evasion (left hand)
 z - a +3 ring of dexterity (right hand)
Wands
 n - a wand of iceblast (6/15)
Scrolls
 i - a scroll of blinking
 l - 3 scrolls of remove curse
 m - 2 scrolls of amnesia
Potions
 d - 4 potions of curing
 e - 3 potions of heal wounds
 f - a potion of haste
 g - 4 potions of magic
 h - a potion of berserk rage
 k - a potion of invisibility
Comestibles
 c - a bread ration


   Skills:
 + Level 8.0 Fighting
 + Level 9.4 Long Blades
 + Level 4.8 Armour
 + Level 5.7 Dodging
 + Level 0.9 Stealth


You had 5 spell levels left.
You didn't know any spells.

Dungeon Overview and Level Annotations

Branches:
Dungeon (1/1)

Altars:
Cheibriados
Dithmenos
Elyvilon
Fedhas
Gozag
Hepliaklqana
Kikubaaqudgha
Makhleb
Nemelex Xobeh
Okawaru
Qazlal
Ru
Sif Muna
Trog
Uskayaw
Vehumet
Xom
Yredelemnul
Zin
The Shining One
Beogh
Jiyva
Lugonu


Message History

There is a shadowy altar of Dithmenos here.
There is a snail-covered altar of Cheibriados here.
There is a roughly hewn altar of Beogh here.
There is an open door to the Temple here.
There is an open door here.
The seven-headed hydra bites you! The seven-headed hydra misses you.
The seven-headed hydra bites you. The seven-headed hydra bites you!
The seven-headed hydra bites you.
* * * LOW HITPOINT WARNING * * *
The seven-headed hydra misses you.
The seven-headed hydra barely misses you.
You slice one of the seven-headed hydra's heads off!
The six-headed hydra grows two more!
You slash the eight-headed hydra!
The eight-headed hydra is lightly wounded.
The eight-headed hydra misses you. The eight-headed hydra bites you!
* * * LOW HITPOINT WARNING * * *
The eight-headed hydra barely misses you.
The eight-headed hydra completely misses you.
The eight-headed hydra bites you!
You die...

▓_▓
▓_▓
▓5▓
▓'▓
▓.▓
▓Z▓
▓W▓
▓D▓
▓@▓
▓'▓
▓.▓
▓.▓
▓.▓
▓.▓
▓.▓
▓'▓
▓.▓


You could see an eight-headed hydra, a wraith, a crimson imp and a bat zombie.

Vanquished Creatures
  A yak (D)
  A scorpion (D)
  A killer bee (D)
  A crimson imp (D)
  A quasit (D)
  A worker ant (D)
  An adder (D)
  An orc (D)
  A bat zombie (D)
  2 hobgoblins (D)
  A jackal (D)
  2 bats (D)
  2 frilled lizards (D)
  A jackal zombie (D)
17 creatures vanquished.

Notes
Turn   | Place    | Note
-------+----------+-------------------------------------------
     0 | D        | danny2772 the Human Berserker began the quest for the Orb.
     0 | D        | Reached XP level 1. HP: 18/18 MP: 1/1
    21 | D        | Reached ** piety under Trog
   169 | D        | Reached XP level 2. HP: 24/24 MP: 2/2
   175 | D        | Reached *** piety under Trog
   179 | D        | Reached skill level 4 in Long Blades
   410 | D        | Found a roughly hewn altar of Beogh.
   410 | D        | Found a snail-covered altar of Cheibriados.
   410 | D        | Found a shadowy altar of Dithmenos.
   410 | D        | Found a white marble altar of Elyvilon.
   410 | D        | Found a blossoming altar of Fedhas.
   410 | D        | Found an opulent altar of Gozag.
   417 | D        | Found a hazy altar of Hepliaklqana.
   418 | D        | Found a viscous altar of Jiyva.
   419 | D        | Found an ancient bone altar of Kikubaaqudgha.
   420 | D        | Found a corrupted altar of Lugonu.
   421 | D        | Found a burning altar of Makhleb.
   422 | D        | Found a sparkling altar of Nemelex Xobeh.
   423 | D        | Found an iron altar of Okawaru.
   424 | D        | Found a stormy altar of Qazlal.
   425 | D        | Found a sacrificial altar of Ru.
   426 | D        | Found a deep blue altar of Sif Muna.
   427 | D        | Found a bloodstained altar of Trog.
   428 | D        | Found a hide-covered altar of Uskayaw.
   429 | D        | Found a radiant altar of Vehumet.
   430 | D        | Found a shimmering altar of Xom.
   431 | D        | Found a basalt altar of Yredelemnul.
   432 | D        | Found a glowing silver altar of Zin.
   433 | D        | Found a glowing golden altar of the Shining One.
   458 | D        | Got the +2 halberd "Pyxot" {antimagic, *Noise rElec rC+ Stlth+}
   502 | D        | Noticed a quasit
   502 | D        | Noticed a scorpion
   502 | D        | Noticed a crimson imp
   502 | D        | Noticed a killer bee
   506 | D        | Killed a killer bee
   506 | D        | Reached **** piety under Trog
   506 | D        | Reached skill level 5 in Fighting
   506 | D        | Reached skill level 5 in Long Blades
   506 | D        | Reached XP level 3. HP: 25/33 MP: 3/3
   506 | D        | Reached XP level 4. HP: 30/39 MP: 4/4
   512 | D        | Reached skill level 6 in Long Blades
   513 | D        | Reached skill level 7 in Long Blades
   513 | D        | Reached XP level 5. HP: 19/46 MP: 5/5
   536 | D        | Reached ***** piety under Trog
   536 | D        | Reached skill level 8 in Long Blades
   536 | D        | Reached XP level 6. HP: 28/55 MP: 6/6
   804 | D        | Noticed a seven-headed hydra
   804 | D        | Noticed a black bear
   804 | D        | Noticed a wraith
   804 | D        | Noticed a yak
   810 | D        | Killed a yak
   810 | D        | Reached skill level 9 in Long Blades
   810 | D        | Reached skill level 5 in Dodging
   861 | D        | Slain by an eight-headed hydra

Skill      XL: |  1  2  3  4  5  6 |
---------------+-------------------+-----
Long Blades    | 5 7 8 9 |  9.4
Fighting       | 5 6 7 8 |  8.0
Armour         | 3 4 |  4.8
Dodging        | 3 4 5 |  5.7
Stealth        | |  0.9

Action                   |  1- 3 |  4- 6 || total
-------------------------+-------+-------++-------
Melee: Falchion          |    47 |       ||    47
       Scimitar          |     4 |    28 ||    32
Evoke: Wand              |       |     1 ||     1
  Use: Scroll            |       |     1 ||     1
       Potion            |       |     1 ||     1
Armor: Animal skin       |    14 |       ||    14
       Ring mail         |     1 |    13 ||    14
Dodge: Dodged            |    41 |    47 ||    88
       Rpst.: Falchion   |    15 |       ||    15
       Scimitar          |     3 |     6 ||     9
